 Dungeon Sprint DCSS version 0.29-a0-1027-gcd8c55af63 (webtiles) character file.

Game seed: 7528108422519855594

2593 mhtbhm the Imperceptible (level 9, 0/69 HPs)
             Began as a Spriggan Brigand on Aug 13, 2022.
             Was a Priest of Dithmenos.
             Slain by a centaur (3 damage)
             ... in the Dungeon (Sprint III: "The Ten Rune Challenge").
             The game lasted 00:02:27 (660 turns).

mhtbhm the Imperceptible (Spriggan Brigand)          Turns: 660, Time: 00:02:28

Health: 0/69       AC:  3    Str:  7    XL:     9   Next: 33%
Magic:  15/16      EV: 20    Int: 13    God:    Dithmenos [***...]
Gold:   55         SH:  0    Dex: 20    Spells: 5/8 levels left

rFire   . . .      SeeInvis +   a - +2 dagger
rCold   . . .      Faith    .   (no shield)
rNeg    . . .      Spirit   .   b - +0 robe {Will+}
rPois   .          Reflect  .   (helmet restricted)
rElec   .          Harm     .   c - +0 cloak
rCorr   .          Rampage  .   (gloves unavailable)
Will    ++...      NoTele   +   (boots unavailable)
Stlth   ..........              (no amulet)
HPRegen 0.21/turn               (no ring)
MPRegen 0.15/turn               (no ring)

@: berserking, wreathed by umbra, very quick
A: very small, no large weapons, unfitting armour, see invisible, speed 3
a: Renounce Religion, Shadow Step


You were in the Dungeon.
You worshipped Dithmenos.
Dithmenos was most pleased with you.
You visited 1 branch You collected 55 gold pieces.

Inventory:

Hand Weapons
 a - a +2 dagger (weapon)
Missiles
 d - 8 poisoned darts
 t - 2 curare-tipped darts (quivered)
Armour
 b - a +0 robe of willpower (worn)
 c - a +0 cloak (worn)
Wands
 s - a wand of quicksilver (3)
Scrolls
 k - a scroll of blinking
 m - a scroll of immolation {unknown}
 n - 3 scrolls of identify
 q - a scroll of torment {unknown}
Potions
 e - a potion of might
 f - 2 potions of curing
 g - a potion of heal wounds
 h - a potion of haste
 i - 3 potions of magic
 l - 2 potions of mutation {unknown}
 o - 3 potions of degeneration {unknown}
 p - a potion of brilliance {unknown}
 r - 2 potions of flight
Miscellaneous
 u - a tin of tremorstones (2/2)


   Skills:
 + Level 4.4 Fighting
 + Level 8.5 Short Blades
 + Level 9.8 Throwing
 + Level 5.1 Dodging
 + Level 22.0 Stealth
 * Level 8.1 Invocations
 + Level 3.8 Evocations


You had 5 spell levels left.
You knew the following spells:

 Your Spells              Type           Power      Damage    Failure   Level
a - Swiftness             Air            0%         N/A       67%         3

Your spell library contained the following spells:

 Spells                   Type           Power      Damage    Failure   Level
 Ensorcelled Hibernation  Hex/Ice        0%         N/A       43%         2
 Passwall                 Tmut/Erth      0%         N/A       43%         2
 Frozen Ramparts          Ice            0%         1d1       67%         3
 Ice Form                 Ice/Tmut       0%         N/A       97%         4
 Summon Ice Beast         Ice/Summ       0%         N/A       97%         4


Dungeon Overview and Level Annotations

Branches:
Dungeon (1/1)

Altars:
Cheibriados
Dithmenos
Elyvilon
Fedhas
Gozag
Hepliaklqana
Kikubaaqudgha
Makhleb
Nemelex Xobeh
Okawaru
Qazlal
Ru
Sif Muna
Trog
Uskayaw
Vehumet
Wu Jian
Xom
Yredelemnul
Zin
The Shining One
Jiyva
Lugonu


Innate Abilities, Weirdness & Mutations

You are very small and have problems with some larger weapons.
You are too small for most types of armour.
You have supernaturally acute eyesight. (SInv)
You cover ground extremely quickly. (Speed+++)


Message History

The centaur warrior kicks you.
* * * LOW HITPOINT WARNING * * *
You hit the centaur warrior.
The centaur warrior is heavily wounded.
The centaur misses you. The centaur barely misses you.
You puncture the centaur warrior!
The centaur warrior is severely wounded.
The centaur warrior completely misses you.
The centaur warrior barely misses you.
You hit the centaur warrior.
The centaur warrior is severely wounded.
The centaur barely misses you. The centaur misses you.
You puncture the centaur warrior!
The centaur warrior is almost dead.
The centaur warrior hits you.
* * * LOW HITPOINT WARNING * * *
The centaur warrior barely misses you. The centaur misses you.
The centaur completely misses you.
Unknown command.
You hit the centaur warrior.
You kill the centaur warrior!
Dithmenos accepts your kill.
Your Short Blades skill increases to level 8!
Your Dodging skill increases to level 5!
Your Stealth skill increases to level 22!
Your Invocations skill increases to level 8!
Unknown command.
You barely miss the centaur.
The centaur is lightly wounded.
The centaur barely misses you. The centaur misses you.
You hit the centaur but do no damage.
The centaur is lightly wounded.
You puncture the centaur!
The centaur is heavily wounded.
The centaur completely misses you. The centaur kicks you.
* * * LOW HITPOINT WARNING * * *
You puncture the centaur!
The centaur is almost dead.
The centaur barely misses you. The centaur kicks you.
You die...

_)#÷_# ###'## .....#
.....# ####'#
_#...#+#############
_#...#.§~~§§.#.'...+
_#...#.#§§§#§#.#...#
_#...'.#.§§#§#.#@..#
_'...#.#§§§#...#)c.#
▓▓▓▓▓▓▓▓▓▓▓▓▓▓▓▓▓▓▓#


You could see a centaur.

Vanquished Creatures
  Josephine (D)
  A centaur warrior (D)
  A deep elf pyromancer (D)
  A shadow (D)
  A spatial vortex (D)
  A centaur (D)
  An earth elemental (D)
  A necrophage (D)
  A water elemental (D)
  A jelly (D)
  A wizard (D)
  Crazy Yiuf (D)
  Jessica (D)
  A necromancer (D)
  3 humans (D)
  A kobold demonologist (D)
  An endoplasm (D)
  2 rats (D)
21 creatures vanquished.

Notes
Turn   | Place    | Note
-------+----------+-------------------------------------------
     0 | D        | mhtbhm the Spriggan Brigand began the quest for the Orb.
     0 | D        | Reached XP level 1. HP: 10/10 MP: 2/2
     5 | D        | Reached skill level 6 in Stealth
    14 | D        | Noticed Jessica
    17 | D        | Killed Jessica
    18 | D        | Reached skill level 9 in Stealth
    18 | D        | Reached XP level 2. HP: 15/15 MP: 3/3
    19 | D        | Reached XP level 3. HP: 18/18 MP: 4/4
    97 | D        | Reached skill level 10 in Stealth
   134 | D        | Noticed Crazy Yiuf
   145 | D        | Killed Crazy Yiuf
   146 | D        | Reached skill level 11 in Stealth
   146 | D        | Reached XP level 4. HP: 23/23 MP: 5/5
   193 | D        | Noticed a water elemental
   195 | D        | Killed a water elemental
   196 | D        | Reached skill level 13 in Stealth
   208 | D        | Found a shadowy altar of Dithmenos.
   208 | D        | Noticed a necrophage
   209 | D        | Found a basalt altar of Yredelemnul.
   209 | D        | Found a sacrificial altar of Ru.
   211 | D        | Reached XP level 5. HP: 28/28 MP: 6/6
   212 | D        | Reached skill level 5 in Short Blades
   212 | D        | Reached skill level 5 in Throwing
   212 | D        | Reached skill level 14 in Stealth
   215 | D        | Became a worshipper of Dithmenos the Shadowed
   234 | D        | Found a radiant altar of Vehumet.
   235 | D        | Found a shimmering blue altar of Sif Muna.
   235 | D        | Found an ancient bone altar of Kikubaaqudgha.
   237 | D        | Reached skill level 15 in Stealth
   237 | D        | Reached skill level 1 in Invocations
   240 | D        | Noticed a chaos spawn
   296 | D        | Learned a level 3 spell: Swiftness
   304 | D        | Found a glowing silver altar of Zin.
   305 | D        | Found a glowing golden altar of the Shining One.
   305 | D        | Found a white marble altar of Elyvilon.
   305 | D        | Noticed a deep elf pyromancer
   311 | D        | Killed a deep elf pyromancer
   311 | D        | Reached * piety under Dithmenos
   312 | D        | Reached skill level 18 in Stealth
   312 | D        | Reached skill level 1 in Evocations
   312 | D        | Reached XP level 6. HP: 32/32 MP: 7/10
   312 | D        | Reached XP level 7. HP: 36/36 MP: 7/11
   351 | D        | Found a hide-covered altar of Uskayaw.
   351 | D        | Found an iron altar of Okawaru.
   352 | D        | Found a bloodstained altar of Trog.
   352 | D        | Found an ornate altar of the Wu Jian Council.
   352 | D        | Noticed a human
   352 | D        | Noticed a human
   354 | D        | Killed a human
   355 | D        | Reached skill level 5 in Invocations
   371 | D        | Killed a human
   372 | D        | Reached skill level 19 in Stealth
   407 | D        | Noticed a shadow
   409 | D        | Killed a shadow
   409 | D        | Reached ** piety under Dithmenos
   410 | D        | Reached XP level 8. HP: 42/42 MP: 13/13
   586 | D        | Found a blossoming altar of Fedhas.
   586 | D        | Found a stormy altar of Qazlal.
   587 | D        | Found a snail-covered altar of Cheibriados.
   587 | D        | Found a burning altar of Makhleb.
   587 | D        | Found a hazy altar of Hepliaklqana.
   587 | D        | Found a shimmering altar of Xom.
   587 | D        | Found an opulent altar of Gozag.
   587 | D        | Found a sparkling altar of Nemelex Xobeh.
   587 | D        | Found a corrupted altar of Lugonu.
   587 | D        | Found a viscous altar of Jiyva.
   610 | D        | Noticed Josephine
   612 | D        | Killed Josephine
   613 | D        | Reached skill level 20 in Stealth
   636 | D        | Reached *** piety under Dithmenos
   637 | D        | Reached skill level 21 in Stealth
   642 | D        | Noticed a centaur warrior
   645 | D        | Reached XP level 9. HP: 45/45 MP: 15/15
   655 | D        | HP: 3/67 [centaur warrior (5)]
   656 | D        | Killed a centaur warrior
   657 | D        | Reached skill level 5 in Dodging
   657 | D        | Reached skill level 22 in Stealth
   660 | D        | Slain by a centaur

Illustrated notes

Levels and vault maps discovered:
D:        dungeon_sprint_mu [sprint_mu_entry_forest, sprint_mu_temple_rooms,
          sprint_mu_d1_horrors, sprint_mu_d2_genie, sprint_mu_d3_branching,
          sprint_mu_orc_legion, sprint_mu_elf_gauntlet, sprint_mu_hive_nellie,
          sprint_mu_lair_fedhas, sprint_mu_vaults_butterflies,
          sprint_mu_slime_circle, sprint_mu_swamp_cave, sprint_mu_snake_twists,
          sprint_mu_blade_basic, sprint_mu_crypt_fortress,
          sprint_mu_tomb_spiral, sprint_mu_vestibule_basic,
          sprint_mu_gehenna_hellfire, sprint_mu_dis_giant,
          sprint_mu_tartarus_statrot, sprint_mu_cocytus_islands, sprint_mu_zot1]

Skill      XL: |  1  2  3  4  5  6  7  8  9 |
---------------+----------------------------+-----
Stealth        | 9 11 13 18 19 21 22 | 22.0
Fighting       | 2 3 4 |  4.4
Short Blades   | 3 4 6 7 8 |  8.5
Throwing       | 3 4 7 9 |  9.8
Dodging        | 3 4 5 |  5.1
Invocations    | 4 5 7 8 |  8.1
Evocations     | 1 2 3 |  3.8

Action                   |  1- 3 |  4- 6 |  7- 9 || total
-------------------------+-------+-------+-------++-------
Melee: Dagger            |     6 |    10 |    25 ||    41
       Punch             |       |       |     1 ||     1
Throw: Dart              |    17 |     1 |     7 ||    25
Evoke: Wand              |       |     3 |     1 ||     4
  Use: Potion            |       |     1 |     1 ||     2
 Stab: Sleeping          |     3 |     4 |     6 ||    13
Armor: Robe              |       |     3 |     5 ||     8
Dodge: Dodged            |     1 |    10 |    29 ||    40

Table legend: (Time is in decaauts)
 A = Elapsed time spent in this place.
 B = Non-inter-level travel time spent in this place.
 C = Inter-level travel time spent in this place.
 D = Time resting spent in this place.
 E = Time spent auto-exploring this place.
 F = Levels seen in this place.
 G = Mean time per level.
                   A        B        C        D        E       F      G
               +--------+--------+--------+--------+--------+-----+--------+
         Total |    552 |    552 |      0 |    273 |      0 |   1 |  552.0 |
       Dungeon |    552 |    552 |      0 |    273 |      0 |   1 |  552.0 |
               +--------+--------+--------+--------+--------+-----+--------+

Top non-repeatable levels by time:
       D: 552 daAuts
